 Dungeon Crawl Stone Soup version 0.29-a0-233-g1125b37a9b (webtiles) character file.

Game seed: 665513587777643750

22 enile the Firebug (level 2, 0/17 HPs)
             Began as an Octopode Fire Elementalist on Mar 1, 2022.
             Slain by a kobold
             ... wielding a +0 dagger
              (3 damage)
             ... on level 2 of the Dungeon.
             The game lasted 00:00:57 (1726 turns).

enile the Firebug (Octopode Fire Elementalist)      Turns: 1726, Time: 00:00:58

Health: 0/17       AC:  1    Str:  7    XL:     2   Next: 91%
Magic:  5/5        EV: 13    Int: 17    God:
Gold:   56         SH:  0    Dex: 12    Spells: 4/5 levels left

rFire   . . .      SeeInvis .   e - +0 dagger (elec)
rCold   . . .      Faith    .   (no shield)
rNeg    . . .      Spirit   .   (helmet restricted)
rPois   .          Reflect  .   (no amulet)
rElec   .          Harm     .   (no ring)
rCorr   .          Rampage  .   (no ring)
Will    .....                   (no ring)
Stlth   +++.......              (no ring)
HPRegen 0.05/turn               (no ring)
MPRegen 0.09/turn               (no ring)
                                (no ring)
                                (no ring)

@: lethally poisoned (0 -> -2)
A: almost no armour, amphibious, 8 rings, camouflage 1, gelatinous body 1,
(nimble swimmer 1), tentacles
a: no special abilities


You were on level 2 of the Dungeon.
You visited 1 branch of the dungeon, and saw 2 of its levels.

You collected 56 gold pieces.

Inventory:

Hand Weapons
 b - a +0 dagger
 e - a +0 dagger of electrocution (weapon)
 h - a +0 hunting sling
Scrolls
 a - a scroll of fear {unknown}
 d - 2 scrolls of fog {unknown}
 f - a scroll of enchant armour {unknown}
 g - a scroll of enchant weapon {unknown}
Potions
 i - a potion of heal wounds {unknown}


   Skills:
 + Level 2.2 Dodging
 + Level 3.2 Stealth
 + Level 2.2 Spellcasting
 + Level 1.4 Conjurations
 + Level 3.2 Fire Magic


You had 4 spell levels left.
You knew the following spells:

 Your Spells              Type           Power      Damage    Failure   Level
a - Foxfire               Conj/Fire      36%        2x1d5     8%          1

Your spell library contained the following spells:

 Spells                   Type           Power      Damage    Failure   Level
 Scorch                   Fire           24%        2d6       8%          2
 Conjure Flame            Conj/Fire      9%         6-21      22%         3
 Inner Flame              Hex/Fire       7%         N/A       28%         3
 Flame Wave               Conj/Fire      9%         2d5       58%         4


Dungeon Overview and Level Annotations

Branches:
Dungeon (2/15)

Altars:


Innate Abilities, Weirdness & Mutations

You cannot wear most types of armour.
You are amphibious.
You can wear up to eight rings at the same time.
Your skin changes colour to match your surroundings (Stealth+).
Your rubbery body absorbs attacks. (AC +1, EV +1)
((You are camouflaged when in or above water. (Stealth+)))
You have tentacles for arms and can constrict up to eight enemies at once.


Message History

You now have 56 gold pieces (gained 10).
A rat and an adder come into view.
Found an escape hatch in the ceiling.
There are monsters nearby!
There are monsters nearby!
There are monsters nearby!
A rat and a hobgoblin come into view.
Found 14 stones and a cyan potion.
The hobgoblin shouts!
A kobold comes into view. It is wielding a +0 dagger.
The adder hisses angrily.
Casting: Foxfire (safe; 8% risk of failure)
Confirm with . or Enter, or press ? or * to list all spells.
You conjure some foxfire!
The foxfire hits the rat.
The rat is severely wounded.
The rat misses you.
Casting: Foxfire (safe; 8% risk of failure)
Confirm with . or Enter, or press ? or * to list all spells.
You conjure some foxfire!
The kobold barely misses you.
The foxfire hits the hobgoblin but does no damage.
The rat bites you. The kobold closely misses you. The rat closely misses you.
You hit the rat.
You kill the rat!
The kobold completely misses you. The adder bites you.
You are poisoned.
The adder poisons you! The hobgoblin hits you.
Your foxfire dissipates!
You feel sick.
You completely miss the kobold. Your grab misses the kobold.
You squeeze the kobold.
The kobold is severely wounded.
You feel sick. The kobold hits you with a +0 dagger.
* * * LOW HITPOINT WARNING * * *
Sorry, you're not good enough to have a special ability.
It was a potion of magic.
Magic courses through your body.
* * * LOW HITPOINT WARNING * * *
You feel sick. The kobold hits you with a +0 dagger.
You die...

#!.....#....# #.##.#.
#......#....# #.##.#.
#......#...<# #.##...
+...........##+####....#.
#(..........#........#.#.
#...........#........#.##
#.......Sg..#......).#..
#......#K####......).#+##
########@.# #...........#
##.###...........#
#..##...........#
##.###+#####)...# #.....#
#....# ##....#####†...#
#....)........#
#.##.......####
#..#.......#


You could see an adder, a hobgoblin and a kobold.

Vanquished Creatures
  An endoplasm (D:2)
  3 giant cockroaches (D:1)
  4 goblins
  A hobgoblin (D:1)
  4 kobolds
  A quokka (D:1)
  3 ball pythons
  2 rats
19 creatures vanquished.

Vanquished Creatures (others)
  69 foxfires
69 creatures vanquished.

Grand Total: 88 creatures vanquished

Notes
Turn   | Place    | Note
-------+----------+-------------------------------------------
     0 | D:1      | enile the Octopode Fire Elementalist began the quest for
                  | the Orb.
     0 | D:1      | Reached XP level 1. HP: 11/11 MP: 3/3
   545 | D:1      | Reached XP level 2. HP: 17/17 MP: 1/5
  1726 | D:2      | Slain by a kobold

Illustrated notes

Levels and vault maps discovered:
D:1:      onia_arrival_pentagram, layout_basic, serial_curves, eino_curves_02,
          eino_curves_01
D:2:      layout_basic, minmay_split_cup_large

Skill      XL: |  1  2 |
---------------+-------+-----
Stealth        | 3 |  3.2
Dodging        | |  2.2
Spellcasting   | |  2.2
Conjurations   | |  1.4
Fire Magic     | |  3.2

Action                   || total
-------------------------++-------
Melee: Dagger            ||    13
       Constrict         ||     2
       Tentacles         ||     2
 Cast: Foxfire           ||    42
  Use: Potion            ||     1
Dodge: Dodged            ||    12

Table legend: (Time is in decaauts)
 A = Elapsed time spent in this place.
 B = Non-inter-level travel time spent in this place.
 C = Inter-level travel time spent in this place.
 D = Time resting spent in this place.
 E = Time spent auto-exploring this place.
 F = Levels seen in this place.
 G = Mean time per level.
                   A        B        C        D        E       F      G
               +--------+--------+--------+--------+--------+-----+--------+
         Total |   1724 |   1503 |    221 |      0 |   1347 |   2 |  862.0 |
       Dungeon |   1724 |   1503 |    221 |      0 |   1347 |   2 |  862.0 |
               +--------+--------+--------+--------+--------+-----+--------+

Top non-repeatable levels by time:
     D:1: 1445 daAuts
     D:2: 279 daAuts
